 Dungeon Crawl Stone Soup version 0.27.0-1-g7a089689b8 (webtiles) character file.

Game seed: 3411883156290787639

55 gimp the Sneak (level 3, 0/20 HPs)
             Began as a Deep Elf Brigand on Aug 8, 2021.
             Slain by an adder (4 damage)
             ... on level 2 of the Dungeon.
             The game lasted 00:04:23 (2313 turns).

gimp the Sneak (Deep Elf Brigand)                   Turns: 2313, Time: 00:04:24

Health: 0/20       AC:  3    Str:  8    XL:     3   Next: 67%
Magic:  5/5        EV: 12    Int: 16    God:
Gold:   64         SH:  0    Dex: 16    Spells: 2/2 levels left

rFire    . . .     SeeInvis .   a - +2 dagger
rCold    . . .     Faith    .   (no shield)
rNeg     . . .     Spirit   .   b - +0 robe
rPois    .         Reflect  .   (no helmet)
rElec    .         Harm     .   c - +0 cloak
rCorr    .         Rampage  .   (no gloves)
Will     .....                  (no boots)
Stlth    +++.......             (no amulet)
HPRegen  0.06/turn              (no ring)
MPRegen  0.09/turn              (no ring)

@: lethally poisoned (0 -> -9)
A: no striking features
a: no special abilities


You were on level 2 of the Dungeon.
You visited 1 branch of the dungeon, and saw 2 of its levels.

You collected 64 gold pieces.

Inventory:

Hand Weapons
 a - a +2 dagger (weapon)
Missiles
 d - 6 poisoned darts (quivered)
Armour
 b - a +0 robe (worn)
 c - a +0 cloak (worn)
Scrolls
 g - a scroll of noise {unknown}
 h - a scroll of magic mapping {unknown}
 i - 4 scrolls of amnesia {unknown}
 j - a scroll of brand weapon {unknown}
 m - a scroll of enchant armour {unknown}
Potions
 k - a potion of magic


   Skills:
 - Level 1.5 Fighting
 + Level 3.2 Short Blades
 + Level 3.2 Throwing
 - Level 1.2 Dodging
 - Level 4.8 Stealth


You had 2 spell levels left.
You didn't know any spells.
Your spell library was empty.

Dungeon Overview and Level Annotations

Branches:
Dungeon (2/15)

Altars:


Message History

Found a stone staircase leading up.
i - 4 scrolls labelled WAEDIL UTREIS (gained 3)
An adder is nearby!
An adder is nearby!
You barely miss the adder. The adder barely misses you.
You hit the adder but do no damage. The adder barely misses you.
You hit the adder but do no damage. The adder misses you.
You hit the adder.
The adder is lightly wounded.
The adder bites you.
You are poisoned.
The adder poisons you!
You take 1 damage, and have 19/20 hp.
You closely miss the adder.
The adder is lightly wounded.
You feel sick. The adder bites you.
You are more poisoned.
The adder poisons you!
You take 5 damage, and have 14/20 hp.
MASSIVE DAMAGE!!
You hit the adder.
The adder is heavily wounded.
You feel sick. The adder barely misses you.
You take 2 damage, and have 12/20 hp.
You hit the adder.
The adder is severely wounded.
You feel sick. The adder barely misses you. The adder misses you.
You take 1 damage, and have 11/20 hp.
You closely miss the adder.
The adder is severely wounded.
You feel sick. The adder bites you.
* * * LOW HITPOINT WARNING * * *
You are lethally poisoned!
The adder poisons you!
You take 5 damage, and have 6/20 hp.
MASSIVE DAMAGE!!
You are too injured to fight recklessly!
You closely miss the adder.
The adder is severely wounded.
* * * LOW HITPOINT WARNING * * *
You feel sick. The adder bites you.
You die...

#.##..........≈≈≈≈≈≈.# #.#.
#.##.#####..#..≈≈≈≈≈♣# #######...
#.##.)#..)....≈≈≈≈≈..###.........
#.###.#.##..#.P≈≈.♣≈..#..........
......#........≈≈≈≈≈♣.#..........
######......#..P≈≈≈♣.............
#..........P....#...........
#.........S.#......P≈≈......
#......####@#.....≈≈≈≈≈.....
##....## #.#####..P≈≈..####
#....# #............## # #....#
#######.#....# #....# #.#....#
#.#....# ######.#....#
#......#....### #.#####.P.....#


You could see an adder.

Vanquished Creatures
  An adder (D:2)
  A dart slug (D:1)
  2 ball pythons (D:1)
  4 bats
  2 endoplasms
  2 giant cockroaches (D:2)
  3 goblins (D:1)
  5 hobgoblins
  8 jackals
  6 kobolds
  A quokka (D:2)
  3 rats
38 creatures vanquished.

Vanquished Creatures (others)
  15 plants (D:2)
15 creatures vanquished.

Grand Total: 53 creatures vanquished

Notes
Turn   | Place    | Note
-------+----------+-------------------------------------------
     0 | D:1      | gimp the Deep Elf Brigand began the quest for the Orb.
     0 | D:1      | Reached XP level 1. HP: 12/12 MP: 3/3
   281 | D:1      | Reached XP level 2. HP: 16/16 MP: 4/4
   828 | D:1      | Reached XP level 3. HP: 13/20 MP: 5/5
  2313 | D:2      | Slain by an adder

Illustrated notes

Levels and vault maps discovered:
D:1:      dpeg_arrival_shrine, layout_basic
D:2:      layout_basic, shapermc_ecumenical_altar_hornbeckon, serial_bayou,
          serial_bayou_pond_a, serial_bayou_pond_e, serial_bayou_pond_a,
          serial_bayou_shore_b, serial_bayou_pond_b, serial_park_tiny_pond

Skill      XL: |  1  2  3 |
---------------+----------+-----
Short Blades   | 3 |  3.2
Throwing       | 3 |  3.2
Fighting       | |  1.5
Dodging        | |  1.2
Stealth        | |  4.8

Action                   || total
-------------------------++-------
Melee: Dagger            ||   107
Throw: Dart              ||    21
  Use: Potion            ||     5
 Stab: Sleeping          ||     6
       Distracted        ||     1
Armor: Robe              ||    35
Dodge: Dodged            ||    72
